 Dungeon Crawl Stone Soup version 0.31.0-1-g2c135a008e (webtiles) character file.

Game seed: 5814781971142373920

1013 qw the Shooter (level 8, 0/58 HPs)
             Began as a Djinni Hunter on Jan 23, 2024.
             Slain by an orc wizard
             ... wielding a +0 dagger
              (2 damage)
             ... on level 5 of the Dungeon.
             The game lasted 00:00:15 (4374 turns).

qw the Shooter (Djinni Hunter)                      Turns: 4374, Time: 00:00:16

Health: 0/58       AC:  6    Str: 10    XL:     8   Next: 45%
Gold:   212        EV: 12    Int: 11    God:
                   SH:  0    Dex: 19

rFire   + + +        a - +0 shortbow (drain)
rCold   . . .        (shield currently unavailable)
rNeg    . . .        h - +0 ring mail
rPois   inf          d - +0 helmet
rElec   +            (no cloak)
rCorr   .            (no gloves)
SInv    .            (boots unavailable)
Will    .....        (no amulet)
Stlth   ++           k - ring of protection from fire
HPRegen 0.29/turn    c - ring of Atilil {rElec rC+ Stlth+}
MPRegen 0.00/turn

%: infuse magic (-1 HP)
@: flying
A: sickness immunity, fire resistance 2, cold vulnerability 1, float, innate
caster, HP casting, extra vitality 1
a: no special abilities


You were on level 5 of the Dungeon.
You visited 1 branch of the dungeon, and saw 5 of its levels.

You collected 212 gold pieces.


Innate Abilities, Weirdness & Mutations

You are immune to sickness and miasma.
You are immune to poison.
Your flesh is very heat resistant. (rF++)
You are vulnerable to cold. (rC-)
You float through the air rather than walking.
You learn spells naturally, not from books.
Your magical power is your life essence.
You have superior vitality. (+4 MHP)


   Skills:
 - Level 4.6 Fighting
 + Level 6.5 Ranged Weapons
 - Level 2.2 Armour
 - Level 4.7 Dodging
 - Level 0.7 Stealth


You knew the following spells:

 Your Spells              Type           Power      Damage    Failure   Level
a - Foxfire               Conj/Fire      0%         2x1d4     65%         1
b - Momentum Strike       Conj/Tloc      0%         3d8       80%         2
c - Ensorcelled Hibernat  Hex/Ice        0%         N/A       80%         2
Your spell library was empty.

Inventory:

Hand Weapons
 a - a +0 shortbow of draining (weapon)
Armour
 d - a +0 helmet (worn)
 h - a +0 ring mail (worn)
Jewellery
 c - the ring of Atilil (right hand) {rElec rC+ Stlth+}
   (You acquired it on level 3 of the Dungeon)

   [ring of protection from cold]

   rC+:       It protects you from cold.
   rElec:     It insulates you from electricity.
   Stlth+:    It makes you more stealthy.
 k - a ring of protection from fire (left hand)
Wands
 m - a wand of roots (9)
Scrolls
 f - a scroll of amnesia {unknown}
 g - a scroll of identify
 o - a scroll of vulnerability {unknown}
Potions
 b - a potion of haste
 e - a potion of lignification {unknown}
 i - 2 potions of heal wounds {unknown}
 j - 2 potions of curing
 l - a potion of invisibility {unknown}
 n - a potion of attraction {unknown}

Dungeon Overview and Level Annotations

Branches:
Dungeon (5/15)
 Temple: D:4-7

Altars:

Shops:
D:2 :

Annotations:
D:2 2 transporters
D:4 1 runed translucent door, Crazy Yiuf


Message History

Something hits you but does no damage. Something hits you.
You hear some strange, mumbled words.
Something tries to affect you, but you resist.
You shoot an arrow. Something hits you but does no damage. Something hits you.
You hear some strange, mumbled words.
A magic dart appears from out of thin air!
The magic dart hits you.
You shoot an arrow.
Something hits you but does no damage. x3; Something hits you.
You hear some strange, mumbled words.
You hear a shout!
You shoot an arrow.
You feel less confused.
Something hits you but does no damage. x3
You shoot an arrow.
Something hits you but does no damage. x2
A magic dart appears from out of thin air!
The magic dart hits something!
Something hits you.
You hear a shout!
You shoot an arrow.
Something hits you but does no damage. x2; Something hits you.
You shoot an arrow. Something hits you. Something hits you but does no damage.
You hear some strange, mumbled words.
A puff of flame appears from out of thin air!
The puff of flame hits something.
Something hits you but does no damage. Something hits you. x2
You hear some strange, mumbled words.
A puff of flame appears from out of thin air!
The puff of flame hits you. You resist.
You shoot an arrow.
You hear some strange, mumbled words.
A magic dart appears from out of thin air!
The magic dart hits you.
You hear some strange, mumbled words.
A magic dart appears from out of thin air!
The magic dart hits you. Something hits you but does no damage.
You shoot an arrow. Something hits you. x2
You die...

## ####
#..#{.##
#_{{@..##
#..#{...##
## #.....#
#.}.}.###
+..}....#
#.}.}.#.#
#.....#.#
#....##.#
+...###.#


There were no monsters in sight!

Vanquished Creatures
  Sigmund (D:3)
  Menkaure (D:4)
  A water moccasin (D:3)
  An ice beast (D:5)
  An ogre (D:5)
  A phantom (D:4)
  2 bombardier beetles
  A jelly (D:5)
  2 hounds
  Jessica (D:3)
  An orc wizard (D:5)
  Terence (D:3)
  Robin (D:3)
  4 adders
  A shadow imp (D:3)
  A white imp (D:5)
  2 ribbon worms
  A dart slug (D:1)
  8 orcs
  10 bats
  7 endoplasms
  A giant cockroach (D:4)
  12 goblins
  9 hobgoblins
  2 jackals (D:1)
  7 quokkas
  5 ball pythons
  A frilled lizard (D:1)
  7 kobolds
  6 rats
99 creatures vanquished.

Notes
Turn   | Place    | Note
-------+----------+-------------------------------------------
     0 | D:1      | qw the Djinni Hunter began the quest for the Orb.
     0 | D:1      | Reached XP level 1. HP: 18/18 MP: 0/0
     0 | D:1      | 0 ||| qw: Version: 0.3-a-136-gdd3b4e8
     0 | D:1      | 0 ||| qw: Game counter: 1120
     0 | D:1      | 0 ||| qw: Melee chars always use a shield: true
     0 | D:1      | 0 ||| qw: God list: Okawaru
     0 | D:1      | 0 ||| qw: Allow faded altars: false
     0 | D:1      | 0 ||| qw: Do Orc after clearing Dungeon:15 true
     0 | D:1      | 0 ||| qw: Do second Lair branch before Depths: true
     0 | D:1      | 0 ||| qw: Lair rune preference: random
     0 | D:1      | 0 ||| qw: Goals: Normal
     0 | D:1      | 0 ||| PLANNING D:1-11
   102 | D:1      | Reached XP level 2. HP: 23/23 MP: 0/0
   364 | D:1      | Reached skill level 4 in Ranged Weapons
   364 | D:1      | Reached XP level 3. HP: 28/28 MP: 0/0
   364 | D:1      | Learned a level 1 spell: Foxfire
   916 | D:1      | 916 ||| UPGRADING to +0 ring mail.
   926 | D:1      | 926 ||| DROPPING +0 leather armour.
   927 | D:1      | 927 ||| DROPPING ring of wizardry.
   928 | D:1      | 928 ||| READING scroll labelled GOOTE AFEPS.
   929 | D:1      | 929 ||| READING scroll labelled MAUXEL ISOTSOG.
   933 | D:1      | 933 ||| READING scroll labelled DIWIOW UTWU.
   934 | D:1      | 934 ||| DROPPING scroll of butterflies.
   950 | D:2      | Found a transporter.
  1389 | D:2      | Found a transporter.
  1389 | D:2      | Found Xeegeis's Book Boutique.
  1443 | D:2      | Reached skill level 1 in Armour
  1443 | D:2      | Reached XP level 4. HP: 21/34 MP: 0/0
  1980 | D:2      | 1980 ||| READING scroll labelled VOJUF JUETZAF.
  1980 | D:2      | 1980 ||| IDENTIFYING emerald potion
  1981 | D:2      | 1981 ||| READING scroll labelled OBLERI SAUTZ.
  1982 | D:2      | 1982 ||| READING scroll labelled INUIRO DEWN.
  1982 | D:2      | 1982 ||| BRANDING +0 shortbow.
  1983 | D:2      | 1983 ||| READING scroll labelled ECKOXO ELACZUO.
  1984 | D:2      | 1984 ||| DRINKING 3 golden potions.
  1985 | D:2      | 1985 ||| DROPPING potion of brilliance.
  2047 | D:3      | Noticed Jessica
  2049 | D:3      | Killed Jessica
  2050 | D:3      | Reached skill level 3 in Fighting
  2093 | D:3      | Noticed Terence
  2097 | D:3      | Killed Terence
  2098 | D:3      | Reached XP level 5. HP: 40/40 MP: 0/0
  2098 | D:3      | Learned a level 2 spell: Momentum Strike
  2258 | D:3      | Noticed Sigmund
  2272 | D:3      | Killed Sigmund
  2273 | D:3      | Reached skill level 5 in Ranged Weapons
  2273 | D:3      | Reached XP level 6. HP: 30/46 MP: 0/0
  2574 | D:3      | Noticed a water moccasin
  2591 | D:3      | Killed a water moccasin
  2592 | D:3      | Reached skill level 3 in Dodging
  2592 | D:3      | Reached XP level 7. HP: 27/50 MP: 0/0
  2592 | D:3      | Learned a level 2 spell: Ensorcelled Hibernation
  2606 | D:3      | 2606 ||| FLEEEEING.
  2607 | D:3      | 2607 ||| FLEEEEING.
  2616 | D:3      | 2616 ||| FLEEEEING.
  2617 | D:3      | 2617 ||| FLEEEEING.
  2618 | D:3      | 2618 ||| FLEEEEING.
  2619 | D:3      | 2619 ||| FLEEEEING.
  2735 | D:3      | Noticed Robin
  2739 | D:3      | Killed Robin
  2880 | D:3      | 2880 ||| UPGRADING to +0 helmet.
  2885 | D:3      | 2885 ||| UPGRADING to ring of protection from fire.
  2886 | D:3      | 2886 ||| READING scroll of identify.
  2886 | D:3      | 2886 ||| IDENTIFYING fizzy silvery potion
  2887 | D:3      | 2887 ||| READING scroll labelled CAAL KAFAI.
  2888 | D:3      | 2888 ||| READING scroll labelled WUHAEF FUIM.
  2888 | D:3      | Identified a scroll of acquirement
  2888 | D:3      | 2888 ||| ACQUIRING ring of Atilil {rElec rC+ Stlth+}
  2888 | D:3      | Acquired the ring of Atilil {rElec rC+ Stlth+}
  2890 | D:3      | 2890 ||| UPGRADING to ring of Atilil {rElec rC+ Stlth+}.
  2924 | D:4      | Noticed Menkaure
  2932 | D:4      | HP: 5/51 [Menkaure (21)]
  2933 | D:4      | 2933 ||| READING scroll of teleportation.
  2934 | D:4      | Killed Menkaure
  3280 | D:4      | Reached skill level 6 in Ranged Weapons
  3485 | D:4      | Found a runed translucent door.
  3486 | D:4      | Noticed Crazy Yiuf
  3707 | D:5      | Entered Level 5 of the Dungeon
  3789 | D:5      | Reached XP level 8. HP: 58/58 MP: 0/0
  4372 | D:5      | HP: 13/58 [something (2)]
  4373 | D:5      | HP: 5/58 [something/magic dart (6)]
  4374 | D:5      | HP: 2/58 [something (1)]
  4374 | D:5      | Slain by an orc wizard

Levels and vault maps discovered:
D:1:      scummos_arrival_star, layout_basic, fountainhead, minmay_tetromino_o4
D:2:      layout_basic, serial_shops, nicolae_shop_drivethru, serial_rivers,
          chequers_serial_rivers_large_a, chequers_serial_rivers_marsh,
          chequers_serial_rivers_micro_a, chequers_serial_rivers_large_b,
          hangedman_decor_clover_reticule, dreamdust_princess_corridor,
          minivault_11
D:3:      layout_basic, uniq_sigmund, uniq_robin, uniq_jessica, uniq_terence
D:4:      layout_basic, uniq_crazy_yiuf_cottage, uniq_menkaure
D:5:      layout_rooms, palyth_temple_overflow_mages, minmay_between

Skill      XL: |  1  2  3  4  5  6  7  8 |
---------------+-------------------------+-----
Ranged Weapons | 4 5 6 |  6.5
Armour         | 1 2 |  2.2
Fighting       | 3 4 |  4.6
Dodging        | 3 4 |  4.7
Stealth        | |  0.7

Action                     |  1- 3 |  4- 6 |  7- 9 || total
---------------------------+-------+-------+-------++-------
   Fire: Shortbow          |   123 |    93 |   163 ||   379
    Use: Scroll            |     3 |     4 |     4 ||    11
         Potion            |       |     1 |       ||     1
 Armour: Leather armour    |    14 |       |       ||    14
         Ring mail         |    18 |    30 |   101 ||   149
  Dodge: Dodged            |    51 |    31 |    36 ||   118

Table legend:
 A = Non-vault XP
 B = Vault XP
 C = Vault XP percentage of total XP
 D = Non-vault monster count
 E = Vault monster count
 F = Vault count percentage of total count
                 A         B        C        D         E       F
            +---------+---------+-------+---------+---------+-------
      Total |     923 |     525 |  36.3 |      84 |      15 |  15.2
            +---------+---------+-------+---------+---------+-------
        D:1 |      47 |       3 |   6.0 |      27 |       2 |   6.9
        D:2 |      29 |       0 |   0.0 |      15 |       0 |   0.0
        D:3 |     224 |     314 |  58.4 |      20 |      10 |  33.3
        D:4 |     228 |     154 |  40.3 |      14 |       1 |   6.7
        D:5 |     395 |      54 |  12.0 |       8 |       2 |  20.0
            +---------+---------+-------+---------+---------+-------
